 Dungeon Crawl Stone Soup version 0.28.0-53-g5a82cb258f (webtiles) character file.

Game seed: 18267187663522596516

749 firemarshallily the Chiller (level 7, 0/55 HPs)
             Began as a Naga Ice Elementalist on June 16, 2022.
             Was a Believer of Dithmenos.
             Slain by an ogre
             ... wielding a +0 giant club
              (11 damage)
             ... on level 5 of the Dungeon.
             The game lasted 00:18:18 (5088 turns).

firemarshallily the Chiller (Naga Ice Elementalist) Turns: 5088, Time: 00:18:19

Health: 0/55       AC: 11    Str: 10    XL:     7   Next: 77%
Magic:  6/14       EV:  9    Int: 18    God:    Dithmenos [**....]
Gold:   117        SH:  5    Dex: 11    Spells: 9/16 levels left

rFire   + . .      SeeInvis +   m - +3 whip (holy)
rCold   . . .      Faith    .   (no shield)
rNeg    . . .      Spirit   .   p - +2 leather armour {rF+}
rPois   +          Reflect  +   (no helmet)
rElec   .          Harm     .   (no cloak)
rCorr   .          Rampage  .   (no gloves)
Will    .....                   (no barding)
Stlth   +++.......              f - amulet of reflection
HPRegen 0.18/turn               (no ring)
MPRegen 0.14/turn               (no ring)

@: ice-armoured, freezing walls, wreathed by umbra, very slow
A: AC +2, large, see invisible, deformed body, poison resistance, slowness 2,
spit poison 1, naga tail 1
a: Spit Poison, Renounce Religion, Shadow Step


You were on level 5 of the Dungeon.
You worshipped Dithmenos.
Dithmenos was pleased with you.
You visited 1 branch of the dungeon, and saw 5 of its levels.
You also visited: Sewer.

You collected 117 gold pieces.

Inventory:

Hand Weapons
 m - a +3 whip of holy wrath (weapon)
Missiles
 b - 181 stones
 k - 4 atropa-tipped darts
 q - a throwing net
Armour
 a - a +0 robe
 p - a +2 leather armour of fire resistance (worn)
Jewellery
 f - an amulet of reflection (around neck)
Potions
 d - a potion of might
 e - a potion of flight
 g - a potion of berserk rage {unknown}
 h - a potion of attraction {unknown}
 i - 3 potions of curing
 j - a potion of haste {unknown}
 n - a potion of brilliance {unknown}
 o - a potion of cancellation {unknown}
 r - a potion of invisibility {unknown}


   Skills:
 - Level 1.5 Dodging
 - Level 5.0 Stealth
 * Level 5.1 Spellcasting
 + Level 2.2 Conjurations
 * Level 6.6 Ice Magic


You had 9 spell levels left.
You knew the following spells:

 Your Spells              Type           Power      Damage    Failure   Level
a - Freeze                Ice            100%       1d11      1%          1
b - Frozen Ramparts       Ice            56%        1d7       3%          3
c - Ozocubu's Armour      Ice            28%        N/A       3%          3

Your spell library contained the following spells:

 Spells                   Type           Power      Damage    Failure   Level
 Ensorcelled Hibernation  Hex/Ice        32%        N/A       7%          2
 Blink                    Tloc           8%         N/A       26%         2
 Passwall                 Tmut/Erth      3%         N/A       26%         2
 Hailstorm                Conj/Ice       20%        3d6       28%         4
 Lesser Beckoning         Tloc           4%         N/A       47%         3
 Swiftness                Air            4%         N/A       47%         3
 Manifold Assault         Tloc           4%         N/A       99%         5
 Storm Form               Tmut/Air       2%         N/A       100%        7


Dungeon Overview and Level Annotations

Branches:
Dungeon (5/15)              Sewer (visited)
 Temple: D:4-7

Altars:
Dithmenos
The Shining One

Annotations:
D:2 Natasha
D:5 1 transporter


Innate Abilities, Weirdness & Mutations

Your serpentine skin is tough. (AC +2)
You have supernaturally acute eyesight. (SInv)
Armour fits poorly on your strangely shaped body.
Your system is resistant to poisons. (rPois)
You cover ground very slowly.
You can spit poison.
You have a snake-like lower body.


Message History

Aim: a gnoll, wielding a +0 spear (heavily wounded, umbra, 58% to hit)
You throw a stone.
The stone hits the gnoll but does no damage.
The gnoll is heavily wounded.
The wall freezes the gnoll.
You block the gnoll's attack.
Throw: 183 stones
Press: ? - help, Shift-Dir - straight line, f/p - gnoll
Aim: a gnoll, wielding a +0 spear (almost dead, umbra, 58% to hit)
You throw a stone. The stone hits the gnoll.
You kill the gnoll!
Dithmenos accepts your kill.
You have got your breath back.
Aiming: Spit Poison (1% risk of failure)
Press: ? - help, Q - select action, (/) - cycle Shift-Dir - straight line, f - ogre
Aim: an ogre, wielding a +0 giant club (81% to hit)
The splash of poison misses the ogre.
Throw: 182 stones
Press: ? - help, Shift-Dir - straight line, f/p - ogre
Aim: an ogre, wielding a +0 giant club (umbra, 71% to hit)
You throw a stone. The stone hits the ogre.
The ogre is lightly wounded.
The frozen ramparts melt away.
Casting: Ozocubu's Armour (dangerous; 3% risk of failure)
Confirm with . or Enter, or press ? or * to list all spells.
Casting: Frozen Ramparts (dangerous; 3% risk of failure)
Press: ? - help, Dir - look around, f - activate This square is wreathed by an umbra.
The walls around you are covered in ice.
You have got your breath back.
The wall freezes the ogre.
Unknown command.
You closely miss the ogre.
The ogre is lightly wounded.
The wall freezes the ogre.
The ogre hits you with a +0 giant club!!
* * * LOW HITPOINT WARNING * * *
You barely miss the ogre.
The ogre is lightly wounded.
The wall freezes the ogre.
The ogre hits you with a +0 giant club!
You die...

#.................
####+++####.####.##..#.....#
#....°....#.# #.##........#
#.○.....°.#.# #.##.##......
#.........#.# #.##.##......
#...$!$Z..#.# #.##.##......
#.○.$©).○ #.# #.##.##......
###########.# #.........##.
.....©..()O@# #............
###.....#(#.# #............
#.....#.#..# ............
.....#O...##.# ............
...Z...#### .. ###'###.....
.Z..Z.. #.# #. #.....
....... .# # #..... ...$...
.. #.#


You could see an ogre.

Vanquished Creatures
  Pargi (Sewer)
  An ogre (D:5)
  2 jellies
  4 hounds
  A gnoll shaman (D:5)
  Natasha (twice) (D:2)
  17 gnolls
  2 adders
  2 white imps (D:5)
  An ufetubus (D:4)
  3 worms
  3 dart slugs
  9 orcs
  7 ball pythons
  7 bats
  7 endoplasms
  5 giant cockroaches
  6 goblins
  2 hobgoblins
  8 kobolds
  4 quokkas
  15 frilled lizards
  2 goblin zombies (D:5)
  3 hobgoblin zombies (D:5)
  A kobold skeleton (D:5)
  An orc zombie (D:5)
  4 rats (D:1)
120 creatures vanquished.

Notes
Turn   | Place    | Note
-------+----------+-------------------------------------------
     0 | D:1      | firemarshallily the Naga Ice Elementalist began the quest
                  | for the Orb.
     0 | D:1      | Reached XP level 1. HP: 15/15 MP: 3/3
   363 | D:1      | Reached XP level 2. HP: 22/22 MP: 5/5
   682 | D:1      | Reached XP level 3. HP: 24/28 MP: 1/6
   806 | D:1      | Learned a level 3 spell: Frozen Ramparts
   810 | D:1      | Learned a level 3 spell: Ozocubu's Armour
  1479 | D:2      | Reached XP level 4. HP: 36/36 MP: 8/8
  2106 | D:2      | Found a faded altar of an unknown god.
  2109 | D:2      | Prayed at the altar of an unknown god.
  2109 | D:2      | Became a worshipper of Dithmenos the Shadowed
  2109 | D:2      | Reached * piety under Dithmenos
  2122 | D:2      | Noticed Natasha
  2135 | D:2      | Killed Natasha
  2486 | D:2      | Noticed Natasha
  2497 | D:2      | Killed Natasha
  2498 | D:2      | Reached XP level 5. HP: 29/42 MP: 0/9
  2505 | D:2      | Noticed Natasha
  2755 | D:3      | Reached skill level 5 in Ice Magic
  2920 | D:3      | Found a glowing drain.
  2940 | Sewer    | Entered a sewer
  3129 | Sewer    | Noticed Pargi
  3137 | Sewer    | Killed Pargi
  3138 | Sewer    | Reached skill level 5 in Stealth
  3138 | Sewer    | Reached XP level 6. HP: 44/49 MP: 0/11
  4276 | D:4      | Reached ** piety under Dithmenos
  4280 | D:4      | Reached skill level 1 in Conjurations
  4368 | D:4      | Reached skill level 6 in Ice Magic
  4481 | D:4      | Reached XP level 7. HP: 55/55 MP: 13/13
  4649 | D:5      | Entered Level 5 of the Dungeon
  4991 | D:5      | Found a glowing golden altar of the Shining One.
  4997 | D:5      | Reached skill level 5 in Spellcasting
  5068 | D:5      | Found a transporter.
  5088 | D:5      | Slain by an ogre

Illustrated notes

Levels and vault maps discovered:
D:1:      dpeg_arrival_circle_labyrinth_a, layout_basic,
          chequers_serial_rivers_large_b
D:2:      layout_loops_ring, shapermc_ecumenical_altar_mp_vishouse, st_stairs_5,
          roderic_roman_lattice, minmay_door_square, mrwooster_statue_mirror,
          minmay_lizard_pond, uniq_natasha
D:3:      layout_loops_ring, cheibrodos_sewer_entry_sluice
D:4:      layout_rooms, nicolae_overflow_hidden_temple, kennysheep_another_room
D:5:      gammafunk_cloud_chamber, layout_basic, nicolae_tso_besieged_by_evil

Skill      XL: |  1  2  3  4  5  6  7 |
---------------+----------------------+-----
Stealth        | 4 5 |  5.0
Spellcasting   | 3 4 5 |  5.1
Ice Magic      | 5 6 |  6.6
Conjurations   | 1 2 |  2.2
Dodging        | |  1.5

Action                   |  1- 3 |  4- 6 |  7- 9 || total
-------------------------+-------+-------+-------++-------
Melee: Trident           |    33 |    83 |    25 ||   141
       Punch             |       |     1 |     1 ||     2
       Whip              |       |       |    20 ||    20
Throw: Stone             |       |     5 |     3 ||     8
 Cast: Freeze            |    17 |    16 |       ||    33
       Frozen Ramparts   |     3 |    18 |     6 ||    27
       Ozocubu's Armour  |       |     8 |     3 ||    11
 Abil: Spit Poison       |    18 |    30 |     7 ||    55
  Use: Scroll            |     1 |     6 |     2 ||     9
 Stab: Sleeping          |     2 |     7 |       ||     9
Armor: Robe              |     2 |    22 |       ||    24
       Leather armour    |       |    12 |    11 ||    23
Dodge: Dodged            |    11 |    48 |    16 ||    75
Block: Other             |       |     1 |    14 ||    15
